 Dungeon Crawl Stone Soup version 0.26-a0-958-gf3041fb45f (webtiles) character file.

Game seed: 16411453937914785623

9876 mg7810 the Cleaver (level 11, -11/81 HPs)
             Began as a Human Fighter on Nov 30, 2020.
             Was a Believer of Qazlal.
             Mangled by a death knight
             ... wielding a +1 morningstar
              (21 damage)
             ... on level 11 of the Dungeon on Dec 1, 2020.
             The game lasted 00:41:17 (10996 turns).

mg7810 the Cleaver (Human Fighter)                 Turns: 10996, Time: 00:41:18

Health: -11/81     AC: 25    Str: 24    XL:     11   Next: 82%
Magic:  24/24      EV:  9    Int:  9    God:    Qazlal [**....]
Gold:   234        SH:  3    Dex: 19    Spells: 10/10 levels left

rFire    . . .     SeeInvis .   s - +2 battleaxe (distort)
rCold    x . .     Faith    .   (shield currently unavailable)
rNeg     . . .     Spirit   .   K - +5 chain mail of Gallantry {Rampage +Blink rC- Str+5 Dex+2}
rPois    +         Reflect  .   f - +1 helmet
rElec    .         Harm     .   z - +2 cloak {rCorr}
rCorr    +         Rampage  +   w - +2 pair of gloves of the Moon {Dex+4}
MR       .....                  H - +0 pair of boots
Stlth    ..........             (no amulet)
HPRegen  0.23/turn              L - ring of poison resistance
MPRegen  0.19/turn              F - ring of magical power

@: no status effects
A: no striking features
a: Upheaval, Renounce Religion, Evoke Blink


You were on level 11 of the Dungeon.
You worshipped Qazlal.
Qazlal was pleased with you.
You visited 2 branches of the dungeon, and saw 12 of its levels.
You also visited: Sewer.

You collected 542 gold pieces.
You spent 308 gold pieces at shops.

Inventory:

Hand Weapons
 a - a +1 vorpal war axe
 s - a +2 battleaxe of distortion (weapon)
 D - a +0 arbalest
 G - a +1 vorpal falchion
Missiles
 m - 20 poisoned darts (quivered)
 o - 3 boomerangs
 C - 8 javelins
 E - 67 bolts
Armour
 f - a +1 helmet (worn)
 r - a +4 ring mail of magic resistance
 w - the +2 pair of gloves of the Moon (worn) {Dex+4}
   (You found it in a sewer)

   It affects your dexterity (+4).
 x - +0 steam dragon scales
 z - a +2 cloak of preservation (worn)
 H - a +0 pair of boots (worn)
 K - the +5 chain mail of Gallantry (worn) {Rampage +Blink rC- Str+5 Dex+2}
   (You found it on level 10 of the Dungeon)

   It affects your strength (+5).
   It affects your dexterity (+2).
   It makes you vulnerable to cold.
   It lets you blink.
   It bestows one free step when moving towards enemies.
Jewellery
 h - an uncursed ring of resist corrosion
 F - a ring of magical power (right hand)
 L - a ring of poison resistance (left hand)
Wands
 d - a wand of flame (15)
 y - a wand of iceblast (5)
 J - a wand of digging (5)
Scrolls
 c - a scroll of enchant weapon
 e - 8 scrolls of remove curse
 i - 2 scrolls of magic mapping
 j - 5 scrolls of teleportation
 k - a scroll of blinking
 l - 3 scrolls of fog
 n - 2 scrolls of fear
 t - 2 scrolls of amnesia
 A - a scroll of vulnerability
 I - a scroll of identify
Potions
 b - a potion of invisibility {unknown}
 p - 5 potions of curing
 q - a potion of attraction {unknown}
 u - 3 potions of flight
 v - 2 potions of brilliance
Miscellaneous
 g - a phial of floods (inert)


   Skills:
 + Level 6.3 Fighting
 * Level 11.4 Axes
 + Level 4.1 Throwing
 + Level 6.0 Armour
 + Level 1.2 Dodging
 - Level 6.8 Shields
 * Level 6.1 Invocations
 * Level 6.1 Evocations


You had 10 spell levels left.
You didn't know any spells.
Your spell library contained the following spells:

 Spells                   Type           Power        Failure   Level
 Animate Skeleton         Necr           #.....       95%         1
 Apportation              Tloc           #.....       95%         1
 Corona                   Hex            #......      95%         1
 Magic Dart               Conj           #...         95%         1
 Summon Small Mammal      Summ           #...         95%         1
 Call Imp                 Summ           #.......     98%         2
 Searing Ray              Conj           #.....       98%         2
 Slow                     Hex            #.......     98%         2
 Call Canine Familiar     Summ           #.......     100%        3
 Dazzling Flash           Conj/Hex       #.....       100%        3
 Inner Flame              Hex/Fire       #.......     100%        3
 Portal Projectile        Hex/Tloc       #.....       100%        3
 Summon Guardian Golem    Hex/Summ       #.......     100%        3
 Cause Fear               Hex            #.........   100%        4
 Fulminant Prism          Conj/Hex       #.........   100%        4
 Iskenderun's Mystic Bla  Conj/Tloc      #.......     100%        4
 Leda's Liquefaction      Hex/Erth       #.........   100%        4
 Summon Ice Beast         Ice/Summ       #.......     100%        4
 Summon Lightning Spire   Summ/Air       #.......     100%        4


Dungeon Overview and Level Annotations

Branches:
Dungeon (11/15)            Temple (1/1) D:5            Lair (0/6) D:8
    Orc (0/2) D:9           Sewer (visited)

Altars:
Ashenzari
Cheibriados
Hepliaklqana
Kikubaaqudgha
Nemelex Xobeh
Okawaru
Qazlal
Ru
Sif Muna
Uskayaw
Vehumet
Xom
Yredelemnul
The Shining One

Shops:
D:5 ??:   D:10 ?[?(:


Message History

The death knight hits you with a +1 morningstar.
* * * LOW HITPOINT WARNING * * *
The yak snorts and paws the ground.
You slash the death knight!
The death knight is severely wounded.
You block the death knight's attack.
Your chain mail of Gallantry prevents you from hitting the death knight.
The death knight is severely wounded.
The death knight hits you with a +1 morningstar!
* * * LOW HITPOINT WARNING * * *
You feel better.
The death knight hits you with a +1 morningstar.
* * * LOW HITPOINT WARNING * * *
Items here: )) [ ††.
Evoke which item? (* to show all) (? for menu, Esc to quit)
Okay, then.
You barely miss the death knight.
The death knight is severely wounded.
The death knight hits you with a +1 morningstar!!
You die... ..o #.#.# .F.. ....# YY.

#.#.# .o. ..... #o#
#.#.# ### #?# #.#.#
..###Y####.#o######
..+?.......Y†Osp@(#
..###o####.#Y######
Z..Y..# #.#.#
OY########.#.#
..B......#.#.#
.......?.###.#
.O....... #.#
......... #.#
..†......


You could see a death knight, 2 yaks, an orc warrior, an ogre and a scorpion.

Vanquished Creatures
  A hydra (D:11)
  A two-headed ogre (D:9)
  Urug (D:11)
  Pikel (D:5)
  2 ugly things
  Maggie (D:7)
  A troll (D:9)
  Grinder (D:4)
  Sigmund (D:3)
  14 yaks
  2 ice beasts (D:9)
  A black bear (D:8)
  5 orc warriors
  A phantom (D:10)
  3 sky beasts
  An ogre (D:7)
  2 centaurs
  A big kobold (D:8)
  3 bullfrogs
  A gnoll sergeant (D:5)
  A wyvern skeleton (D:9)
  2 scorpions
  7 killer bees (D:10)
  A howler monkey (D:11)
  6 wights (D:9)
  2 bullfrog zombies
  2 hounds
  Crazy Yiuf (D:5)
  2 bullfrog skeletons
  5 orc priests
  5 orc wizards
  2 iguanas
  Ijyb (D:3)
  Natasha (thrice) (D:2)
  Terence (D:3)
  3 worker ants
  2 hound skeletons
  Robin (D:2)
  A worker ant zombie (D:7)
  11 adders
  4 gnolls (D:5)
  A howler monkey skeleton (D:5)
  7 oozes
  An adder skeleton (D:9)
  6 worms
  4 leopard geckos
  19 orcs
  5 ball pythons
  6 giant cockroaches
  15 goblins
  7 hobgoblins
  10 jackals
  17 kobolds
  7 quokkas
  13 bats
  7 frilled lizards
  A jackal skeleton (D:5)
  A leopard gecko skeleton (D:4)
  9 rats
243 creatures vanquished.

Vanquished Creatures (collateral kills)
  2 wights (D:9)
  An orc priest (D:7)
  2 orcs (D:7)
5 creatures vanquished.

Vanquished Creatures (others)
  A yak (D:9)
  A plant (D:1)
2 creatures vanquished.

Grand Total: 250 creatures vanquished

Notes
Turn   | Place    | Note
-------+----------+-------------------------------------------
     0 | D:1      | mg7810 the Human Fighter began the quest for the Orb.
     0 | D:1      | Reached XP level 1. HP: 18/18 MP: 1/1
   103 | D:1      | Reached XP level 2. HP: 24/24 MP: 2/2
   548 | D:1      | Reached XP level 3. HP: 29/29 MP: 3/3
  1124 | D:2      | Found a stormy altar of Qazlal.
  1142 | D:2      | Reached XP level 4. HP: 15/35 MP: 4/4
  1479 | D:2      | Noticed Natasha
  1491 | D:2      | Killed Natasha
  1492 | D:2      | Reached skill level 3 in Axes
  1508 | D:2      | Noticed Natasha
  1512 | D:2      | Killed Natasha
  1513 | D:2      | Reached XP level 5. HP: 35/41 MP: 5/5
  1590 | D:2      | Noticed Robin
  1606 | D:2      | Killed Robin
  1852 | D:2      | Noticed Natasha
  1866 | D:2      | Killed Natasha
  2346 | D:3      | Noticed Sigmund
  2376 | D:3      | Killed Sigmund
  2377 | D:3      | Reached skill level 4 in Axes
  2377 | D:3      | Reached XP level 6. HP: 28/48 MP: 6/6
  2572 | D:3      | Noticed Ijyb
  2612 | D:3      | Killed Ijyb
  2652 | D:3      | Reached skill level 5 in Axes
  2652 | D:3      | Reached XP level 7. HP: 53/53 MP: 7/7
  3171 | D:3      | Noticed Terence
  3180 | D:3      | Killed Terence
  3423 | D:4      | Noticed Grinder
  3448 | D:4      | Killed Grinder
  3449 | D:4      | Reached skill level 1 in Evocations
  3449 | D:4      | Reached XP level 8. HP: 26/60 MP: 8/8
  3684 | D:4      | Reached skill level 6 in Axes
  4286 | D:2      | Became a worshipper of Qazlal Stormbringer
  4349 | D:5      | Entered Level 5 of the Dungeon
  4380 | D:5      | Found a glowing drain.
  4394 | Sewer    | Entered a sewer
  4793 | Sewer    | Got a pair of fading gloves
  4804 | Sewer    | Identified the +2 pair of gloves of the Moon {Dex+4} (You
                  | found it in a sewer)
  4872 | D:5      | Reached * piety under Qazlal
  4943 | D:5      | Found Okkofahe's Magic Scroll Emporium.
  4956 | D:5      | Reached skill level 5 in Shields
  4956 | D:5      | Reached skill level 1 in Invocations
  4967 | D:5      | Bought a scroll of identify for 28 gold pieces
  5049 | D:5      | Found a staircase to the Ecumenical Temple.
  5060 | D:5      | Noticed Pikel
  5072 | D:5      | Killed Pikel
  5073 | D:5      | Reached skill level 7 in Axes
  5073 | D:5      | Reached XP level 9. HP: 27/66 MP: 8/10
  5340 | D:5      | Found Zuafousm's Magic Scroll Boutique.
  5373 | D:5      | Found Atiuz's Book Shop.
  5426 | D:5      | Found a runed translucent door.
  5427 | D:5      | Noticed Crazy Yiuf
  5664 | D:5      | Killed Crazy Yiuf
  6001 | D:6      | Reached skill level 1 in Throwing
  6497 | Temple   | Entered the Ecumenical Temple
  6595 | D:7      | Found an ancient bone altar of Kikubaaqudgha.
  6601 | D:7      | Noticed Maggie
  6622 | D:7      | Killed Maggie
  6639 | D:7      | Reached skill level 5 in Fighting
  6642 | D:7      | Reached skill level 5 in Armour
  6664 | D:7      | Reached skill level 8 in Axes
  6990 | D:7      | Reached ** piety under Qazlal
  7064 | D:7      | Found a sacrificial altar of Ru.
  7244 | D:7      | Found a basalt altar of Yredelemnul.
  7427 | D:8      | Found a radiant altar of Vehumet.
  7430 | D:8      | Found an iron altar of Okawaru.
  7432 | D:8      | Found a sacrificial altar of Ru.
  7457 | D:8      | Noticed a brown ugly thing
  7477 | D:8      | Killed a brown ugly thing
  7478 | D:8      | Reached XP level 10. HP: 33/74 MP: 12/12
  7794 | D:8      | Found a staircase to the Lair.
  7824 | D:8      | Found a broken altar of Ashenzari.
  7948 | D:8      | Found a hazy altar of Hepliaklqana.
  7949 | D:8      | Found a shimmering altar of Xom.
  7949 | D:8      | Noticed a Killer Klown
  7950 | D:8      | Noticed a spectral ugly thing
  8017 | D:8      | Found a sparkling altar of Nemelex Xobeh.
  8151 | D:8      | Found a shimmering blue altar of Sif Muna.
  8358 | D:9      | Found a glowing golden altar of the Shining One.
  8367 | D:9      | Reached skill level 9 in Axes
  8484 | D:9      | Noticed a two-headed ogre
  9049 | D:9      | Found a staircase to the Orcish Mines.
  9233 | D:9      | Killed a two-headed ogre
  9234 | D:9      | Reached skill level 5 in Invocations
  9234 | D:9      | Reached skill level 5 in Evocations
  9234 | D:9      | Reached XP level 11. HP: 73/81 MP: 10/14
 10057 | D:10     | Entered Level 10 of the Dungeon
 10079 | D:10     | Reached skill level 10 in Axes
 10083 | D:10     | Found Iptaruko's Magic Scroll Boutique.
 10186 | D:10     | Bought a scroll of brand weapon for 280 gold pieces
 10251 | D:10     | Found Tupuys Xyf's Weapon Emporium.
 10276 | D:10     | Got a jewelled chain mail
 10287 | D:10     | Identified the +5 chain mail of Gallantry {Rampage +Blink
                  | rC- Str+5 Dex+2} (You found it on level 10 of the Dungeon)
 10290 | D:10     | Found Qoum Eso's Book Shoppe.
 10300 | D:10     | Found Kojugg's Magic Scroll Boutique.
 10341 | D:10     | Reached skill level 1 in Dodging
 10803 | D:10     | Found Otwiufoo's Antique Armour Shop.
 10925 | D:11     | Noticed a six-headed hydra
 10931 | D:11     | Noticed Urug
 10939 | D:11     | Noticed a cyan ugly thing
 10951 | D:11     | Noticed a death knight
 10953 | D:11     | Killed a cyan ugly thing
 10965 | D:11     | Killed a six-headed hydra
 10966 | D:11     | Reached skill level 11 in Axes
 10986 | D:11     | Killed Urug
 10996 | D:11     | Mangled by a death knight

Illustrated notes

Levels and vault maps discovered:
D:1:      psy_arrival_fountain, layout_loops_ring, serial_forest,
          infiniplex_forest_straight_4, infiniplex_forest_end_3,
          infiniplex_forest_clump_long, infiniplex_forest_corner_2,
          infiniplex_forest_clump_curved, infiniplex_forest_end_2,
          infiniplex_forest_end_2, infiniplex_forest_lined_corner,
          infiniplex_forest_straight_1, minmay_statues_item, corner_web_ring
D:2:      layout_basic, nicolae_qazlal_general_emergency, uniq_natasha,
          uniq_robin
D:3:      layout_loops_corners, uniq_terence, uniq_ijyb, uniq_sigmund
D:4:      layout_basic, uniq_grinder
D:5:      layout_rooms, minmay_temple_entry_mist, cheibrodos_sewer_entry_drain,
          serial_shops, nicolae_shop_window_shopping, nicolae_shop_behind_doors,
          nicolae_shop_crystal, uniq_crazy_yiuf_cottage, uniq_pikel
D:6:      layout_basic
D:7:      layout_cave_pools, lemuel_crystal_altar,
          nicolae_overflow_hidden_temple, nicolae_ru_sacrificial_ziggurat,
          uniq_maggie
D:8:      cheibrodos_elevator_heist, layout_loops_ring,
          regret_index_temple_of_mockery, evilmike_ruin_ashenzari, tgw_sif,
          kennysheep_mini, grunt_temple_overflow_open, chequers_decorated_corner
D:9:      layout_long_grid, overflow_temple_1_default, orc_david_3,
          minmay_misc_feat_doors
D:10:     layout_roguey, serial_shops, shop, kennysheep_little_box,
          nicolae_shop_window_shopping, shop, shop_statue
D:11:     layout_basic, elyvilon_altar_1, uniq_urug
Temple:   dpeg_three_leaves_temple

Skill      XL: |  1  2  3  4  5  6  7  8  9 10 11 |
---------------+----------------------------------+-----
Axes           | 3 4 5 7 8 9 11 | 11.4
Shields        | 4 5 6 |  6.8
Armour         | 4 5 6 |  6.0
Fighting       | 4 5 6 |  6.3
Evocations     | 1 2 4 5 6 |  6.1
Invocations    | 2 3 5 6 |  6.1
Throwing       | 2 4 |  4.1
Dodging        | 1 |  1.2

Action                   |  1- 3 |  4- 6 |  7- 9 | 10-12 || total
-------------------------+-------+-------+-------+-------++-------
Melee: War axe           |   104 |   133 |   279 |   179 ||   695
       Battleaxe         |       |       |       |   104 ||   104
Throw: Dart              |       |       |    17 |       ||    17
Invok: Upheaval          |       |       |       |     5 ||     5
Evoke: Wand              |       |       |     1 |     9 ||    10
       Phial of floods   |       |       |       |     1 ||     1
  Use: Potion            |     1 |     3 |     3 |     5 ||    12
       Scroll            |       |     5 |     7 |    12 ||    24
Armor: Scale mail        |    59 |    43 |    21 |       ||   123
       Ring mail         |       |       |   147 |    85 ||   232
       Chain mail        |       |       |       |    62 ||    62
Dodge: Dodged            |    37 |    36 |   110 |   104 ||   287
Block: Kite shield       |    74 |    61 |   193 |   142 ||   470
       Other             |       |       |       |     7 ||     7

Table legend: (Time is in decaauts)
 A = Elapsed time spent in this place.
 B = Non-inter-level travel time spent in this place.
 C = Inter-level travel time spent in this place.
 D = Time resting spent in this place.
 E = Time spent auto-exploring this place.
 F = Levels seen in this place.
 G = Mean time per level.
                   A        B        C        D        E       F      G
               +--------+--------+--------+--------+--------+-----+--------+
         Total |  11263 |  10652 |    611 |    226 |   7753 |  13 |  866.4 |
       Dungeon |  10679 |  10071 |    608 |    226 |   7363 |  11 |  970.8 |
        Temple |      9 |      7 |      2 |      0 |      0 |   1 |    9.0 |
         Sewer |    574 |    574 |      0 |      0 |    390 |   1 |  574.0 |
               +--------+--------+--------+--------+--------+-----+--------+

Top non-repeatable levels by time:
     D:9: 1743 daAuts
     D:2: 1475 daAuts
     D:3: 1382 daAuts
     D:5: 1162 daAuts
     D:8: 990 daAuts
     D:1: 983 daAuts
     D:4: 904 daAuts
    D:10: 873 daAuts
     D:7: 724 daAuts
   Sewer: 574 daAuts
     D:6: 362 daAuts
    D:11: 80 daAuts
  Temple: 9 daAuts
